 Dungeon Crawl Stone Soup version 0.21.1-1-g345015fe64 (webtiles) character file.

1378 Kohma the Arsonist (level 8, -6/41 (43) HPs)
             Began as a Deep Elf Fire Elementalist on July 1, 2018.
             Was a Follower of Vehumet.
             Mangled by a wight
             ... wielding a +3 halberd
              (10 damage)
             ... on level 7 of the Dungeon.
             The game lasted 00:28:21 (8594 turns).

Kohma the Arsonist (Deep Elf Fire Elementalist)     Turns: 8594, Time: 00:28:22

HP:   -6/41 (43)    AC:  4    Str:  9    XL:     8   Next: 39%
MP:   7/20          EV: 14    Int: 26    God:    Vehumet [*.....]
Gold: 376           SH:  0    Dex: 15    Spells: 1/20 levels left

rFire    + . .     SeeInvis .   a - +7 hunting sling of Raosof {velocity, +Blink MR+}
rCold    . . .     Gourm    .   (no shield)
rNeg     . . .     Faith    .   B - +1 robe "Huhaa" {*Contam Str+4 Int+3}
rPois    .         Spirit   .   w - +0 helmet
rElec    .         Reflect  .   (no cloak)
rCorr    .         Harm     .   (no gloves)
MR       +....                  (no boots)
Stlth    ++........             (no amulet)
HPRegen  0.13/turn              o - ring of protection from fire
MPRegen  0.17/turn              (no ring)

@: drained
A: no striking features
a: Renounce Religion, Evoke Blink


You were on level 7 of the Dungeon.
You worshipped Vehumet.
Vehumet was aware of your devotion.
You were not hungry.

You visited 2 branches of the dungeon, and saw 8 of its levels.

You collected 376 gold pieces.

Inventory:

Hand Weapons
 a - the +7 hunting sling of Raosof (weapon) {velocity, +Blink MR+}
   (You found it on level 4 of the Dungeon)

   Any stone fired from it inflicts extra damage.
   It affects your resistance to hostile enchantments.
   It lets you blink.
 e - a cursed -1 dagger
 j - a +3 dagger
 y - a +1 falchion
Missiles
 f - 60 sling bullets (quivered)
 h - 161 stones
 i - 8 needles of confusion
 v - 12 poisoned needles
Armour
 w - a +0 helmet (worn)
 B - the +1 robe "Huhaa" (worn) {*Contam Str+4 Int+3}
   (You found it on level 5 of the Dungeon)

   It affects your strength (+4).
   It affects your intelligence (+3).
   It causes magical contamination when unequipped.
Jewellery
 n - a cursed +3 ring of evasion {unknown}
 o - a ring of protection from fire (left hand)
Wands
 C - a wand of paralysis (8)
 D - a wand of iceblast (6)
 I - a wand of flame (21)
Scrolls
 b - a scroll of noise {unknown}
 d - 2 scrolls of amnesia
 g - 4 scrolls of blinking
 k - 3 scrolls of fear
 l - 2 scrolls of fog
 s - 2 scrolls of remove curse
 A - 2 scrolls of teleportation
 E - a scroll of magic mapping
Potions
 m - 2 potions of heal wounds
 p - a potion of haste
 q - 2 potions of mutation
 r - 3 potions of curing
 t - a potion of cancellation
 x - a potion of lignification {unknown}
 z - a potion of flight {unknown}
 G - a potion of berserk rage {unknown}
 H - a potion of resistance {unknown}
Books
 u - a book of Flames

   Spells                             Type                      Level
   a - Flame Tongue                   Conjuration/Fire             1
   b - Throw Flame                    Conjuration/Fire             2
   c - Conjure Flame                  Conjuration/Fire             3
   d - Inner Flame                    Hexes/Fire                   3
   e - Sticky Flame                   Conjuration/Fire             4
   f - Fireball                       Conjuration/Fire             5
 F - a book of Enchantments

   Spells                             Type                      Level
   a - Cause Fear                     Hexes                        4
   b - Yara's Violent Unravelling     Hexes/Transmutation          5
   c - Silence                        Hexes/Air                    5
   d - Deflect Missiles               Charms/Air                   6
   e - Discord                        Hexes                        8
Comestibles
 c - 9 rations


   Skills:
 - Level 1.0(0.6) Fighting
 + Level 1.8(1.5) Slings
 + Level 3.7(3.4) Dodging
 - Level 2.4(2.1) Stealth
 + Level 6.8(6.4) Spellcasting
 + Level 5.1(4.8) Conjurations
 * Level 8.2(7.8) Fire Magic


You had one spell level left.
You knew the following spells:

 Your Spells              Type           Power        Failure   Level  Hunger
a - Flame Tongue          Conj/Fire      #####        1%          1    None
b - Conjure Flame         Conj/Fire      #####...     1%          3    None
c - Sticky Flame          Conj/Fire      #####...     4%          4    ###....
d - Fireball              Conj/Fire      #####.....   14%         5    #####..
e - Deflect Missiles      Chrm/Air       #.........   100%        6    ######.


Dungeon Overview and Level Annotations

Branches:
Dungeon (7/15)             Temple (1/1) D:5

Altars:
Ashenzari
Cheibriados
Hepliaklqana
Makhleb
Nemelex Xobeh
Okawaru
Qazlal
Ru
Sif Muna
Trog
Uskayaw
Vehumet
Xom
Zin

Annotations:
D:3 makkenr95's ghost, amateur DrAE
D:5 murfs's ghost, novice DsFi


Message History

The flame tongue hits the wight.
The wight appears unharmed.
The wight is heavily damaged.
Casting: Flame Tongue
Confirm with . or Enter, or press ? or * to list all spells.
Aiming: Flame Tongue
Press: ? - help, Shift-Dir - straight line, f/p - wight
Aim: a wight, wielding an enchanted halberd and wearing a robe (heavily damaged)
The flame tongue hits the wight.
The wight is heavily damaged.
The wight closely misses you.
A wight comes into view. It is wielding a halberd.
Casting: Flame Tongue
Confirm with . or Enter, or press ? or * to list all spells.
Aiming: Flame Tongue
Press: ? - help, Shift-Dir - straight line, f/p - wight
Aim: a wight, wielding an enchanted halberd and wearing a robe (heavily damaged)
The flame tongue hits the wight.
The wight is heavily damaged.
The wight hits you from afar with an enchanted halberd!
You die...

.......##...........#........##.#
##############......#.....##.##)#
# #.#.##.#.....##....# #
#.#.##.#.######..#.# # #.#.##...#
#..#.# # ####.#.####. #..#.# #
#......# #.# #..#.#
#.##.######.## #..#.#
#.##..@§z..... .[...#
##.#########z.# #..### #.........
#.#######. #.#####.. ###.......#
# ###...###.... ## #...### ..
.#####.###


You could see 2 wights.

Vanquished Creatures
  A necrophage (D:6)
  3 ogres
  A centaur (D:7)
  3 scorpions
  3 wights (D:7)
  2 crimson imps
  A quasit (D:6)
  A bullfrog zombie (D:5)
  3 hounds
  3 orc wizards (D:6)
  Jessica (D:2)
  4 worker ants
  A worker ant zombie (D:6)
  Robin (D:4)
  10 adders
  A shadow imp (D:6)
  A white imp (D:5)
  An ooze (D:4)
  An adder zombie (D:5)
  An adder skeleton (D:6)
  5 worms
  2 dart slugs
  6 leopard geckos
  12 orcs
  3 ball pythons
  4 bats
  5 giant cockroaches
  12 goblins
  7 hobgoblins
  7 jackals
  2 quokkas
  3 frilled lizards (D:2)
  5 kobolds
  7 rats
123 creatures vanquished.

Notes
Turn   | Place    | Note
-------+----------+-------------------------------------------
     0 | D:1      | Kohma the Deep Elf Fire Elementalist began the quest for the Orb.
     0 | D:1      | Reached XP level 1. HP: 10/10 MP: 6/6
   210 | D:1      | Reached XP level 2. HP: 16/16 MP: 5/8
  1586 | D:2      | Reached skill level 1 in Fighting
  1586 | D:2      | Reached XP level 3. HP: 14/20 MP: 7/10
  1690 | D:2      | Learned a level 3 spell: Conjure Flame
  1716 | D:2      | Found a hide-covered altar of Uskayaw.
  1769 | D:2      | Reached skill level 4 in Fire Magic
  1817 | D:2      | Found a faded altar of an unknown god.
  1971 | D:2      | Noticed Jessica
  1976 | D:2      | Killed Jessica
  1976 | D:2      | Reached XP level 4. HP: 25/25 MP: 8/11
  2194 | D:2      | Learned a level 4 spell: Sticky Flame
  2692 | D:3      | Found a deep blue altar of Sif Muna.
  2808 | D:3      | Noticed makkenr95's ghost (amateur DrAE)
  3137 | D:3      | Found a snail-covered altar of Cheibriados.
  3391 | D:3      | Reached XP level 5. HP: 23/29 MP: 7/13
  3599 | D:3      | Reached skill level 5 in Fire Magic
  3900 | D:4      | Noticed an ogre
  3906 | D:4      | Killed an ogre
  3906 | D:4      | Reached XP level 6. HP: 34/34 MP: 6/15
  3913 | D:4      | Learned a level 5 spell: Fireball
  4113 | D:4      | Got a brightly glowing hunting sling
  4202 | D:4      | Reached skill level 5 in Spellcasting
  4202 | D:4      | Reached skill level 6 in Fire Magic
  4288 | D:4      | Identified the +7 hunting sling of Raosof {velocity, +Blink MR+} (You found it on level 4 of the Dungeon)
  4375 | D:4      | Noticed Robin
  4381 | D:4      | Killed Robin
  5438 | D:5      | Entered Level 5 of the Dungeon
  5521 | D:5      | Reached XP level 7. HP: 38/38 MP: 13/17
  5750 | D:5      | Found a staircase to the Ecumenical Temple.
  5756 | Temple   | Entered the Ecumenical Temple
  5795 | Temple   | Became a worshipper of Vehumet
  6181 | D:5      | Noticed murfs's ghost (novice DsFi)
  6571 | D:5      | Got a fine robe
  6582 | D:5      | Identified the +1 robe "Huhaa" {*Contam Str+4 Int+3} (You found it on level 5 of the Dungeon)
  6770 | D:6      | Reached skill level 7 in Fire Magic
  6858 | D:6      | Found a sparkling altar of Nemelex Xobeh.
  7289 | D:6      | Reached skill level 1 in Slings
  7636 | D:6      | Reached * piety under Vehumet
  7636 | D:6      | Offered knowledge of Sting by Vehumet.
  7721 | D:6      | Reached XP level 8. HP: 28/41 MP: 13/19
  8269 | D:7      | Reached skill level 5 in Conjurations
  8280 | D:7      | Reached skill level 8 in Fire Magic
  8420 | D:7      | Learned a level 6 spell: Deflect Missiles
  8478 | D:7      | Found a shimmering altar of Xom.
  8594 | D:7      | Mangled by a wight

Skill      XL: |  1  2  3  4  5  6  7  8 |
---------------+-------------------------+-----
Fighting       | 1 |  1.0
Fire Magic     | 4 5 6 7 8 |  8.2
Conjurations   | 2 3 4 5 |  5.1
Spellcasting   | 4 5 6 |  6.8
Slings         | 1 |  1.8
Dodging        | 3 |  3.7
Stealth        | |  2.4

Action                   |  1- 3 |  4- 6 |  7- 9 || total
-------------------------+-------+-------+-------++-------
Melee: Dagger            |     1 |       |       ||     1
 Fire: Hunting sling     |     2 |     9 |    22 ||    33
Throw: Stone             |    16 |       |       ||    16
 Cast: Flame Tongue      |    54 |   112 |   126 ||   292
       Conjure Flame     |       |     6 |     2 ||     8
       Sticky Flame      |       |       |     2 ||     2
       Fireball          |       |       |     1 ||     1
  Use: Scroll            |       |    16 |     1 ||    17
       Potion            |       |       |     2 ||     2
  Eat: Chunk             |     1 |     6 |     2 ||     9
       Ration            |     1 |     1 |     3 ||     5
Armor: Robe              |     2 |     5 |    11 ||    18
Dodge: Dodged            |    29 |    33 |    79 ||   141
